 Dungeon Crawl Stone Soup version 0.22.1-1-ga44c0e5 (webtiles) character file.

355 magicm the Chopper (level 6, -3/47 HPs)
             Began as a Human Fighter on Nov 10, 2018.
             Was a Believer of Ru.
             Killed by nerve-wracking pain
             ... invoked by an orc priest
              (13 damage)
             ... on level 4 of the Dungeon.
             The game lasted 00:11:37 (2712 turns).

magicm the Chopper (Human Fighter)                  Turns: 2712, Time: 00:11:38

Health: -3/47      AC:  9    Str: 16    XL:     6   Next: 95%
Magic:  6/6        EV:  7    Int: 10    God:    Ru [**....]
Gold:   233        SH:  9    Dex: 13    Spells: 5/5 levels left

rFire    . . .     SeeInvis .   a - +0 war axe
rCold    . . .     Gourm    .   c - +0 shield
rNeg     . . .     Faith    .   b - +1 scale mail
rPois    .         Spirit   .   (no helmet)
rElec    .         Reflect  .   (no cloak)
rCorr    .         Harm     .   g - +0 pair of gloves
MR       .....                  (no boots)
Stlth    ..........             (no amulet)
HPRegen  0.15/turn              (no ring)
MPRegen  0.10/turn              (no ring)

@: no status effects
A: unskilled 1
a: Renounce Religion


You were on level 4 of the Dungeon.
You worshipped Ru.
Ru was pleased with you.
You were not hungry.

You visited 1 branch of the dungeon, and saw 4 of its levels.

You collected 233 gold pieces.

Inventory:

Hand Weapons
 a - a +0 war axe (weapon)
Armour
 b - a +1 scale mail (worn)
 c - a +0 shield (worn)
 g - a +0 pair of gloves (worn)
Scrolls
 l - a scroll of fog {unknown}
Potions
 d - 2 potions of might
 e - 3 potions of curing
 f - 2 potions of heal wounds
 i - a potion of lignification {unknown}
 k - a potion of brilliance {unknown}
Comestibles
 h - 4 rations


   Skills:
 + Level 3.4 Fighting
 + Level 4.6 Axes
 + Level 3.2 Armour
 + Level 1.1 Dodging
 + Level 0.1 Stealth
 + Level 3.7 Shields


You had 5 spell levels left.
You didn't know any spells.
Your spell library was empty.

Dungeon Overview and Level Annotations

Branches:
Dungeon (4/15)
 Temple: D:4-7

Altars:
Nemelex Xobeh
Ru


Innate Abilities, Weirdness & Mutations

You are somewhat unskilled. (-1 Apt)


Message History

Beogh smites you!
* * * LOW HITPOINT WARNING * * *
You hit the orc.
The orc is heavily wounded.
You block the orc's attack. The orc barely misses you.
As you read the scroll of teleportation, it crumbles to dust.
You feel strangely unstable. The adder bites you but does no damage.
You block the orc's attack.
You closely miss the adder. You hit the orc.
You kill the orc!
The adder bites you but does no damage. x2
You hit the adder but do no damage. You miss the adder.
Your surroundings suddenly seem different.
The howler monkey hoots and howls with incredible vigour!
The orc wizard casts a spell.
The orc wizard seems to speed up.
You redirect the howler monkey's attack!
The orc priest mumbles some strange prayers to Beogh against you.
Pain shoots through your body!
You die...

.........####.#.#########
.........# #.#.#
.......o.# #.#.#
.......hS# #.#.#
.......o.####.#.####
########oS...........
#...†.........
#.............
#@............
#..########### #..# #..#
#..# #..# #..# #..#


You could see a howler monkey (wandering), an orc priest, 2 adders and 2 orcs.

Vanquished Creatures
  A centaur (D:2)
  A howler monkey (D:4)
  An orc priest (D:2)
  A hound (D:4)
  An iguana (D:4)
  5 adders
  2 oozes (D:2)
  7 worms
  3 dart slugs
  2 leopard geckos
  4 orcs
  2 giant cockroaches (D:2)
  8 hobgoblins
  A quokka (D:4)
  2 ball pythons
  7 bats
  5 frilled lizards
  5 goblins
  6 kobolds
  A quokka skeleton (D:4)
  12 rats
77 creatures vanquished.

Notes
Turn   | Place    | Note
-------+----------+-------------------------------------------
     0 | D:1      | magicm the Human Fighter began the quest for the Orb.
     0 | D:1      | Reached XP level 1. HP: 18/18 MP: 1/1
   167 | D:1      | Reached XP level 2. HP: 24/24 MP: 2/2
   992 | D:2      | Reached XP level 3. HP: 29/29 MP: 3/3
  1050 | D:2      | Reached XP level 4. HP: 20/35 MP: 4/4
  1079 | D:2      | Reached skill level 3 in Axes
  1162 | D:2      | Reached XP level 5. HP: 25/41 MP: 5/5
  1279 | D:2      | Found a sacrificial altar of Ru.
  1283 | D:2      | Noticed a centaur
  1291 | D:2      | Killed a centaur
  1291 | D:2      | Reached skill level 4 in Axes
  1296 | D:2      | Became a worshipper of Ru the Awakened
  1339 | D:2      | Reached XP level 6. HP: 35/48 MP: 6/6
  1472 | D:2      | Reached skill level 1 in Dodging
  1970 | D:3      | Found a sparkling altar of Nemelex Xobeh.
  2488 | D:4      | Gained mutation: You are somewhat unskilled. (-1 Apt) [Ru
                  | sacrifice]
  2488 | D:4      | Reached * piety under Ru
  2488 | D:4      | Reached ** piety under Ru
  2712 | D:4      | Killed from afar by an orc priest

Skill      XL: |  1  2  3  4  5  6 |
---------------+-------------------+-----
Axes           | 3 4 |  4.6
Dodging        | 1 |  1.1
Shields        | 3 |  3.7
Fighting       | |  3.4
Armour         | |  3.2
Stealth        | |  0.1

Action                   |  1- 3 |  4- 6 || total
-------------------------+-------+-------++-------
Melee: War axe           |    69 |   196 ||   265
Invok: Sacrifice Skill   |       |     1 ||     1
  Use: Scroll            |     2 |     8 ||    10
  Eat: Ration            |       |     2 ||     2
Armor: Scale mail        |    23 |    87 ||   110
Dodge: Dodged            |    14 |    43 ||    57
Block: Shield            |    38 |   100 ||   138
